 Dungeon Crawl Stone Soup version 0.29.1-15-g9cfb28693d (webtiles) character file.

Game seed: 279114618039301924

99846 joshe the Warrior (level 15, -4/155 HPs)
             Began as a Minotaur Fighter on Mar 13, 2023.
             Was an Elder of Trog.
             Slain by a wolf spider (16 damage)
             ... on level 4 of the Spider Nest on Mar 15, 2023.
             The game lasted 01:59:33 (28843 turns).

joshe the Warrior (Minotaur Fighter)               Turns: 28843, Time: 01:59:33

Health: -4/155     AC: 29    Str: 28      XL:     15   Next: 78%
Magic:  18/18      EV:  9    Int:  3 (5)  God:    Trog [****..]
Gold:   53         SH:  0    Dex:  8 (10) Spells: 14/14 levels left

rFire   + + .      SeeInvis .   j - +7 great mace "Firestarter" {inner flame, rF++}
rCold   . . .      Faith    .   (shield currently unavailable)
rNeg    . . .      Spirit   .   n - +0 plate armour
rPois   +          Reflect  .   (helmet restricted)
rElec   .          Harm     .   I - scarf {shadows}
rCorr   .          Rampage  .   s - +2 pair of gloves
Will    +....                   P - +2 pair of boots
Stlth   ..........              Y - amulet of regeneration
HPRegen 1.15/turn               t - +4 ring of protection
MPRegen 0.16/turn               T - ring of poison resistance

@: about to teleport, on berserk cooldown, hasted, very quick
A: horns 2, retaliatory headbutt
a: Renounce Religion, Berserk, Trog's Hand, Brothers in Arms


You were on level 4 of the Spider Nest.
You worshipped Trog.
Trog was greatly pleased with you.
You visited 4 branches of the dungeon, and saw 21 of its levels.
You also visited: Ice Cave.

You collected 1761 gold pieces.
You spent 1708 gold pieces at shops.

Inventory:

Hand Weapons
 a - a +1 spectral war axe
 f - a +1 flail of venom
 j - the +7 great mace "Firestarter" (weapon) {inner flame, rF++}
   (You bought it in a shop on level 7 of the Dungeon)

   It burns those it strikes, dealing additional fire damage.
   It fills those it strikes with an explosive inner flame.
   It grants immunity to clouds of flame.
   rF:        It greatly protects you from fire.
 G - a +0 war axe of flaming
 J - a +5 vorpal battleaxe
 M - the +7 great mace "Undeadhunter" {disrupt, rN+}
   (You found it in an ice cave)

   It inflicts significantly more damage against the undead.
   rN:        It protects you from negative energy.
 O - a +2 executioner's axe of freezing
 V - a +3 broad axe of venom
 W - the +5 trident "Miqamoy" {elec, rC+ rCorr Dex+4 Stlth+}
   (You found it on level 5 of the Lair of Beasts)

   It occasionally discharges a powerful burst of electricity upon striking a
   foe.
   Dex:       It affects your dexterity (+4).
   rC:        It protects you from cold.
   rCorr:     It protects you from acid and corrosion.
   Stlth:     It makes you more stealthy.
Missiles
 k - 4 throwing nets
 S - 2 silver javelins (quivered)
Armour
 i - a +0 kite shield
 n - a +0 plate armour (worn)
 s - a +2 pair of gloves (worn)
 I - a scarf of shadows (worn)
 P - a +2 pair of boots (worn)
Jewellery
 t - a +4 ring of protection (left hand)
 L - a ring of ice
 T - a ring of poison resistance (right hand)
 Y - an amulet of regeneration (around neck)
Wands
 b - a wand of digging (25)
 w - a wand of mindburst (6)
 x - a wand of roots (14)
 D - a wand of polymorph (8)
 F - a wand of charming (22)
 X - a wand of flame (4)
Scrolls
 m - 11 scrolls of teleportation
 o - 3 scrolls of immolation
 p - a scroll of silence
 v - 3 scrolls of fog
 y - 3 scrolls of enchant armour
 B - a scroll of magic mapping
 C - 3 scrolls of enchant weapon
 K - a scroll of poison
 N - a scroll of fear
 U - 6 scrolls of identify
Potions
 c - 7 potions of lignification
 d - 3 potions of might
 e - 5 potions of haste
 g - 2 potions of heal wounds
 h - 2 potions of mutation
 l - 3 potions of invisibility
 q - 6 potions of curing
 r - 6 potions of cancellation
 z - a potion of resistance
 A - a potion of berserk rage
 E - a potion of flight
 R - 3 potions of ambrosia
Miscellaneous
 H - a condenser vane
 Q - a box of beasts


   Skills:
 - Level 20.0 Fighting
 - Level 1.2(1.5) Short Blades
 - Level 1.4(1.7) Long Blades
 - Level 17.2(17.8) Axes
 + Level 7.4(13.4) Maces & Flails
 - Level 1.1(4.8) Staves
 - Level 1.1 Ranged Weapons
 - Level 1.0 Throwing
 - Level 18.0 Armour
 - Level 4.0 Dodging
 - Level 11.0 Shields
 - Level 4.0 Unarmed Combat
 - Level 0.3 Spellcasting
 - Level 0.4 Conjurations
 - Level 0.3 Hexes
 - Level 0.3 Summonings
 - Level 0.4 Necromancy
 - Level 0.4 Translocations
 - Level 0.5 Transmutations
 - Level 0.3 Fire Magic
 - Level 0.3 Ice Magic
 - Level 0.3 Air Magic
 - Level 0.7 Earth Magic
 - Level 0.3 Poison Magic
 - Level 6.0 Invocations
 - Level 4.0 Evocations


You had 14 spell levels left.
You didn't know any spells.
Your spell library contained the following spells:

 Spells                   Type           Power      Damage    Failure   Level
 Shock                    Conj/Air       0%         1d3       95%         1
 Call Canine Familiar     Summ           0%         N/A       100%        3
 Portal Projectile        Hex/Tloc       0%         N/A       100%        3
 Swiftness                Air            0%         N/A       100%        3
 Airstrike                Air            0%         2d(0-16)  100%        4
 Animate Dead             Necr           0%         N/A       100%        4
 Leda's Liquefaction      Hex/Erth       0%         N/A       100%        4
 Haunt                    Necr/Summ      0%         N/A       100%        7
 Infestation              Necr           0%         N/A       100%        8


Dungeon Overview and Level Annotations

Branches:
Dungeon (11/15)            Temple (1/1) D:7            Lair (5/5) D:11
  Swamp (0/4) Lair:3       Spider (4/4) Lair:3        Slime (0/5) Lair:4
    Orc (0/2) D:9           IceCv (visited)

Altars:
Ashenzari
Cheibriados
Dithmenos
Fedhas
Gozag
Hepliaklqana
Kikubaaqudgha
Makhleb
Okawaru
Qazlal
Sif Muna
Trog
Uskayaw
Vehumet
Wu Jian
Xom
Zin
The Shining One
Jiyva

Shops:
D:2 =   D:7 (

Annotations:
D:8 3 runed translucent doors, UCchamp's ghost, journeyman MeFi
Lair:2 exclusion: 2 oklob plants


Innate Abilities, Weirdness & Mutations

You have a pair of horns on your head.
You reflexively headbutt those who attack you in melee.


Message History

The pharaoh ant bites you but does no damage.
The pharaoh ant bites you.
You feel the effects of Trog's Hand fading.
The pharaoh ant misses you. The pharaoh ant bites you!
The pharaoh ant attacks as you move away!
The pharaoh ant bites you but does no damage.
The pharaoh ant bites you!
Blink to where?
Press: ? - help, Dir - move target A wolf spider comes into view.
Found a gossamer rune of Zot.
As you read the scroll of blinking, it crumbles to dust.
You feel yourself speed up.
The wolf spider's many legs skitter.
The wolf spider closely misses you. You furiously retaliate!
You headbutt the wolf spider!
The wolf spider bites you but does no damage.
As you read the scroll of teleportation, it crumbles to dust.
You feel strangely unstable.
Your skin stops crawling.
You feel less strong-willed. The wolf spider hits you!
* * * LOW HITPOINT WARNING * * *
The wolf spider bites you.
* * * LOW HITPOINT WARNING * * *
The wolf spider hits you.
* * * LOW HITPOINT WARNING * * *
The wolf spider bites you but does no damage.
You feel much better.
The wolf spider hits you but does no damage.
The wolf spider bites you but does no damage.
You feel yourself speed up.
The wolf spider hits you but does no damage.
The wolf spider bites you! The wolf spider hits you!
* * * LOW HITPOINT WARNING * * *
The wolf spider bites you but does no damage.
The pharaoh ant bites you!!
* * * LOW HITPOINT WARNING * * *
The wolf spider hits you!
You die...

.....^....'....^^........?...
.....^.......'.......^^.........
.............'..................
[.... #......#######............
. #..^###..^..##.[###^...........
^###.^.#^........##φ#.......^....
..#.^^.....##...##..#.....^......
......^..#####.##.^##..^.....^...
.....^..### ###@s##.............
##.....^..####.B.##..^...........
.###..w.....^...###............^.
......####....####^..............
.....## ###### ##.......^......
###### #..............
##.#........^.. ####.......##^
#........##


You could see a wolf spider and a pharaoh ant.

Vanquished Creatures
  Mlioglotl (Spider:4)
  A frost giant (IceCv)
  3 emperor scorpions
  3 ghost moths
  A broodmother (Spider:3)
  An entropy weaver (Spider:2)
  A spark wasp (Spider:3)
  Harold (Lair:2)
  4 hydras (Lair:5)
  2 jorogumos (Spider:4)
  A catoblepas (Lair:5)
  A radroach (Spider:3)
  A boulder beetle (Spider:2)
  A merfolk avatar (Lair:5)
  2 two-headed ogres (D:11)
  8 death yaks
  Urug (Lair:3)
  Nergalle (D:11)
  Sonja (Lair:3)
  A sea snake (Lair:5)
  7 pharaoh ants
  Amaemon (Lair:1)
  5 orb spiders
  A sun moth (Spider:4)
  4 steelbarb worms
  9 wolf spiders
  2 ugly things
  An oklob plant (Lair:5)
  2 manticores
  13 elephants
  2 moths of wrath
  2 gargoyles
  An ice statue (IceCv)
  5 torpor snails
  A black mamba (Lair:5)
  Joseph (D:8)
  Maggie (D:10)
  An orange demon (Lair:1)
  12 cane toads
  10 demonic crawlers
  An unseen horror (D:10)
  A kobold demonologist (D:11)
  4 rime drakes
  8 komodo dragons
  3 meliai (Spider:2)
  A queen bee (Lair:2)
  2 hornets (Lair:5)
  3 wind drakes (Lair:5)
  13 polar bears
  17 tarantellas
  A snapping turtle (Lair:5)
  17 blink frogs
  7 dream sheep (Lair:3)
  18 jumping spiders
  A wraith (D:11)
  19 culicivoras
  2 shadows
  6 wyverns
  54 yaks
  7 basilisks
  3 vampire mosquitoes (D:10)
  3 steam dragons
  20 redbacks
  An acid dragon (D:11)
  14 water moccasins
  5 orc warriors
  2 ice beasts
  2 sky beasts (D:7)
  2 black bears
  2 ogres
  25 wolves
  2 centaurs
  3 phantoms
  A kobold brigand (D:11)
  6 bullfrogs
  A scorpion (D:5)
  A gnoll sergeant (D:6)
  7 necrophages (Lair:2)
  3 wights (D:9)
  28 killer bees (Lair:2)
  A troll zombie (D:9)
  7 howler monkeys
  8 orc priests
  A hound (D:6)
  A gnoll bouda (D:5)
  4 jellies
  2 iguanas (D:6)
  12 orc wizards
  5 hell rats (Lair:2)
  5 ogre zombies (D:9)
  10 gnolls
  8 adders
  2 shadow imps
  A white imp (D:7)
  An ufetubus (D:4)
  4 worms
  4 dart slugs
  31 orcs
  6 bats (D:1)
  6 endoplasms
  3 giant cockroaches
  2 goblins
  5 hobgoblins
  10 kobolds
  4 quokkas
  4 ball pythons
  3 frilled lizards
  A goblin skeleton (D:9)
  3 hobgoblin zombies (D:9)
  5 orc skeletons (D:9)
  10 orc zombies (D:9)
  3 rats (D:1)
605 creatures vanquished.

Vanquished Creatures (collateral kills)
  A ghost moth (Spider:3)
  An orb spider (Spider:4)
  A redback (Spider:4)
3 creatures vanquished.

Vanquished Creatures (others)
  Nikola (Spider:2)
  An orb spider (Spider:2)
  A tarantella (Spider:2)
  A redback (Spider:4)
  21 fungi
  48 plants
73 creatures vanquished.

Grand Total: 681 creatures vanquished

Notes
Turn   | Place    | Note
-------+----------+-------------------------------------------
     0 | D:1      | joshe the Minotaur Fighter began the quest for the Orb.
     0 | D:1      | Reached XP level 1. HP: 19/19 MP: 0/0
    62 | D:1      | Reached XP level 2. HP: 1/26 MP: 1/1
   916 | D:1      | Reached XP level 3. HP: 31/31 MP: 2/2
  1897 | D:2      | Found Haogec's Jewellery Boutique.
  2051 | D:2      | Reached skill level 5 in Axes
  2363 | D:3      | Reached XP level 4. HP: 39/39 MP: 3/3
  3548 | D:4      | Reached XP level 5. HP: 32/45 MP: 4/4
  3683 | D:4      | Noticed an ice beast
  3700 | D:4      | Killed an ice beast
  3701 | D:4      | Reached XP level 6. HP: 20/51 MP: 5/5
  4183 | D:4      | Reached skill level 4 in Fighting
  4586 | D:5      | Entered Level 5 of the Dungeon
  4674 | D:5      | Reached XP level 7. HP: 47/59 MP: 6/6
  5482 | D:6      | Reached skill level 10 in Axes
  5729 | D:6      | Reached XP level 8. HP: 51/66 MP: 7/7
  6483 | D:6      | Found a shimmering blue altar of Sif Muna.
  6774 | D:7      | Reached skill level 1 in Long Blades
  6824 | D:7      | Found a stormy altar of Qazlal.
  6824 | D:7      | Found an opulent altar of Gozag.
  6855 | D:7      | Found an ornate altar of the Wu Jian Council.
  6907 | D:7      | Found Couguugh's Antique Weapon Emporium.
  6918 | D:7      | Reached skill level 1 in Unarmed Combat
  6927 | D:7      | Found a staircase to the Ecumenical Temple.
  6937 | Temple   | Entered the Ecumenical Temple
  7193 | Temple   | Became a worshipper of Trog the Wrathful
  7310 | D:7      | Reached skill level 1 in Staves
  7355 | D:7      | Reached skill level 1 in Short Blades
  7355 | D:7      | Reached skill level 1 in Ranged Weapons
  7376 | D:7      | Reached skill level 1 in Throwing
  7969 | D:8      | Reached skill level 1 in Evocations
  7970 | D:8      | Reached XP level 9. HP: 71/71 MP: 8/8
  8096 | D:8      | Noticed Joseph
  8105 | D:8      | Killed Joseph
  8252 | D:8      | Reached skill level 1 in Invocations
  8575 | D:8      | Found a runed translucent gate.
  8575 | D:8      | Found a runed translucent gate.
  8576 | D:8      | Found a runed translucent gate.
  8580 | D:8      | Noticed UCchamp's ghost (journeyman MeFi)
  8710 | D:9      | Reached * piety under Trog
  8858 | D:9      | Reached ** piety under Trog
  8870 | D:9      | Found a staircase to the Orcish Mines.
  9157 | D:9      | Reached XP level 10. HP: 45/78 MP: 12/12
  9709 | D:10     | Entered Level 10 of the Dungeon
  9745 | D:10     | Reached skill level 15 in Axes
  9897 | D:10     | Found a radiant altar of Vehumet.
  9900 | D:10     | Noticed Maggie
  9911 | D:10     | Killed Maggie
 10114 | D:10     | Reached *** piety under Trog
 10333 | D:10     | Found a shadowy altar of Dithmenos.
 10408 | D:10     | Noticed a gargoyle
 10419 | D:10     | Killed a gargoyle
 11040 | D:11     | Noticed a two-headed ogre
 11050 | D:11     | Killed a two-headed ogre
 11051 | D:11     | Reached skill level 5 in Fighting
 11051 | D:11     | Reached skill level 5 in Armour
 11051 | D:11     | Reached skill level 5 in Shields
 11126 | D:11     | Reached XP level 11. HP: 88/88 MP: 13/13
 11166 | D:11     | Noticed a two-headed ogre
 11172 | D:11     | Killed a two-headed ogre
 11180 | D:11     | Found a staircase to the Lair.
 11275 | D:11     | Found a frozen archway.
 11284 | IceCv    | Entered an ice cave
 11460 | IceCv    | Reached skill level 6 in Fighting
 11565 | IceCv    | Noticed a death yak
 11580 | IceCv    | Killed a death yak
 11963 | IceCv    | Noticed a white ugly thing
 11978 | IceCv    | Killed a white ugly thing
 12073 | IceCv    | Reached **** piety under Trog
 12472 | IceCv    | Noticed a death yak
 12472 | IceCv    | Noticed a frost giant
 12472 | IceCv    | Noticed a death yak
 12481 | IceCv    | Killed a frost giant
 12482 | IceCv    | Reached XP level 12. HP: 96/96 MP: 14/14
 12482 | IceCv    | Killed a death yak
 12483 | IceCv    | Reached skill level 10 in Armour
 12483 | IceCv    | Reached skill level 10 in Shields
 12489 | IceCv    | Killed a death yak
 12591 | IceCv    | Found the +7 great mace "Undeadhunter" {disrupt, rN+}
 12972 | D:11     | Noticed Nergalle
 12988 | D:11     | Killed Nergalle
 13461 | D:11     | Identified the +6 trident "Qigyset" {flame, Fragile rPois
                  | Str+5}
 13815 | Lair:1   | Entered Level 1 of the Lair of Beasts
 13992 | Lair:1   | Noticed Amaemon
 14004 | Lair:1   | Killed Amaemon
 14534 | Lair:2   | Reached ***** piety under Trog
 14711 | Lair:2   | Noticed Harold
 14721 | Lair:2   | Killed Harold
 14739 | Lair:2   | Reached XP level 13. HP: 53/102 MP: 15/15
 15142 | Lair:2   | Reached skill level 15 in Armour
 16329 | Lair:3   | Received a gift from Trog
 16399 | Lair:3   | Reached skill level 7 in Fighting
 16777 | Lair:3   | Reached skill level 8 in Fighting
 16924 | Lair:3   | Noticed Sonja
 16943 | Lair:3   | Killed Sonja
 17262 | Lair:3   | Found a staircase to the Swamp.
 17338 | Lair:3   | Noticed Urug
 17350 | Lair:3   | Killed Urug
 17351 | Lair:3   | Reached skill level 9 in Fighting
 17404 | Lair:3   | Found a hole to the Spider Nest.
 17781 | Lair:4   | Found a hide-covered altar of Uskayaw.
 17860 | Lair:4   | Found a staircase to the Slime Pits.
 17860 | Lair:4   | Found a viscous altar of Jiyva.
 17991 | Lair:4   | Identified a scroll of acquirement
 17992 | Lair:4   | Acquired a manual of Fighting
 18017 | Lair:4   | Reached skill level 10 in Fighting
 18497 | Lair:5   | Entered Level 5 of the Lair of Beasts
 18515 | Lair:4   | Reached skill level 11 in Fighting
 18719 | Lair:4   | Reached skill level 12 in Fighting
 18749 | Lair:5   | Reached skill level 1 in Dodging
 18756 | Lair:5   | Reached skill level 13 in Fighting
 19474 | Lair:5   | Reached XP level 14. HP: 127/130 MP: 16/16
 19479 | Lair:5   | Reached skill level 14 in Fighting
 19569 | Lair:5   | Reached skill level 15 in Fighting
 19863 | Lair:5   | Reached skill level 16 in Fighting
 20084 | Lair:5   | Found a burning altar of Makhleb.
 20156 | Lair:5   | Reached skill level 17 in Fighting
 20595 | Lair:5   | Reached skill level 18 in Fighting
 20636 | Lair:5   | Identified the +5 trident "Miqamoy" {elec, rC+ rCorr Dex+4
                  | Stlth+}
 21126 | Lair:5   | Received a gift from Trog
 21274 | Spider:1 | Entered Level 1 of the Spider Nest
 21297 | Spider:1 | Reached skill level 19 in Fighting
 21988 | Spider:1 | Killed a ghost moth
 21989 | Spider:1 | Reached skill level 20 in Fighting
 22645 | Spider:1 | Noticed an emperor scorpion
 22658 | Spider:1 | Killed an emperor scorpion
 23495 | Spider:2 | Reached XP level 15. HP: 115/155 MP: 17/17
 23498 | Spider:2 | Identified the +0 dagger of Big Damage {flame, *Noise rN++
                  | Int+4 Dex+2}
 23825 | Spider:2 | Reached skill level 5 in Invocations
 23879 | Spider:2 | Noticed Nikola
 23888 | Spider:2 | Killed Nikola
 26549 | D:7      | Bought the +7 great mace "Firestarter" {inner flame, rF++}
                  | for 1708 gold pieces
 26549 | D:7      | Found the +7 great mace "Firestarter" {inner flame, rF++}
 26876 | Spider:3 | Reached skill level 1 in Maces & Flails
 27522 | Spider:4 | Entered Level 4 of the Spider Nest
 27982 | Spider:4 | Noticed an emperor scorpion
 27993 | Spider:4 | Killed an emperor scorpion
 28210 | Spider:4 | Reached skill level 5 in Maces & Flails
 28806 | Spider:4 | Noticed Mlioglotl
 28809 | Spider:4 | Noticed an emperor scorpion
 28820 | Spider:4 | Killed Mlioglotl
 28821 | Spider:4 | Killed an emperor scorpion
 28843 | Spider:4 | Slain by a wolf spider

Illustrated notes

Levels and vault maps discovered:
D:1:      dpeg_arrival_ternary, layout_basic, minmay_misc_feat_alley
D:2:      layout_loops_ring, serial_shops, shop_coins
D:3:      layout_basic
D:4:      layout_basic
D:5:      layout_cave_pools
D:6:      layout_basic, marbit_many_paths
D:7:      layout_basic, lemuel_tele_altar, gammafunk_temple_overflow_elements,
          minmay_temple_entry_hall, serial_shops, shop
D:8:      layout_loops_cross, ebering_ghost_rock_garden, uniq_joseph
D:9:      layout_rooms, zombieorc1_lemuel
D:10:     layout_basic, mainiacjoe_overflow_big_doors, uniq_maggie
D:11:     layout_stronghold, lair_entry_dummy, portal_ice_cave_entry_pillars_1,
          uniq_nergalle
Temple:   nicolae_temple_slightly_damp_pantheon
Lair:1:   layout_hall_layers, uniq_amaemon
Lair:2:   regret_index_harrowing_hell_hive, layout_loops_ring,
          roderic_carrion_pond, uniq_harold
Lair:3:   layout_roguey, swamp_mist_pool, dummy_spider_entry, uniq_urug,
          uniq_sonja
Lair:4:   layout_long_grid, slime_entry_1, basic_altar, pond
Lair:5:   gammafunk_lair_ancient_temple, layout_hall_layers, lemuel_oklob_altar,
          grunt_megastairs_2
Spider:1: layout_spider_delve
Spider:2: layout_chambers, nicolae_spider_cling_ruins, uniq_nikola
Spider:3: layout_spider_delve, hellmonk_test_site
Spider:4: johnstein_spider_rune_arachne_lair, uniq_mlioglotl

Skill      XL: |  1  2  3  4  5  6  7  8  9 10 11 12 13 14 15 |
---------------+----------------------------------------------+-----
Axes           | 3 4 5 6 7 8 11 12 13 16 17 | 17.2
Armour         | 4 5 9 14 16 18 | 18.0
Fighting       | 4 5 6 13 20 | 20.0
Shields        | 4 5 9 11 | 11.0
Long Blades    | 1 |  1.4
Unarmed Combat | 1 3 4 |  4.0
Staves         | 1 |  1.1
Short Blades   | 1 |  1.2
Ranged Weapons | 1 |  1.1
Throwing       | 1 |  1.0
Evocations     | 1 4 |  4.0
Invocations    | 4 6 |  6.0
Dodging        | 4 |  4.0
Maces & Flails | 7 |  7.4
Spellcasting   | |  0.3
Conjurations   | |  0.4
Hexes          | |  0.3
Summonings     | |  0.3
Necromancy     | |  0.4
Translocations | |  0.4
Transmutations | |  0.5
Fire Magic     | |  0.3
Ice Magic      | |  0.3
Air Magic      | |  0.3
Earth Magic    | |  0.7
Poison Magic   | |  0.3

Action                   |  1- 3 |  4- 6 |  7- 9 | 10-12 | 13-15 || total
-------------------------+-------+-------+-------+-------+-------++-------
Melee: War axe           |    80 |    71 |   213 |   436 |   648 ||  1448
       Headbutt          |     9 |    11 |    44 |    96 |   184 ||   344
       Trident           |       |       |       |       |    13 ||    13
       Great mace        |       |       |       |       |   103 ||   103
Throw: Javelin           |       |       |       |       |    11 ||    11
       Throwing net      |       |       |       |       |     2 ||     2
Invok: Berserk           |       |       |       |     9 |    16 ||    25
       Trog's Hand       |       |       |       |     1 |     8 ||     9
       Brothers in Arms  |       |       |       |       |     1 ||     1
Evoke: Wand              |       |       |       |       |     1 ||     1
  Use: Scroll            |     6 |     7 |     9 |     4 |    13 ||    39
       Potion            |       |       |       |     1 |     8 ||     9
 Stab: Distracted        |       |       |       |    10 |    11 ||    21
Armor: Scale mail        |    34 |    34 |     3 |       |       ||    71
       Plate armour      |       |       |   102 |   190 |   656 ||   948
Dodge: Dodged            |    33 |    24 |    36 |    64 |   214 ||   371
Block: Buckler           |    13 |       |       |       |       ||    13
       Kite shield       |     1 |    32 |    65 |   153 |   309 ||   560
